engelson, lawful male human Samurai --------- --------------------------------- #........| #-................................######## #|.......| ###|.------------.....------------.| # #.......>| #####..|!!(|...|%%|.....-..|(((|...|.| ### #-.------- ----------- ### |.|[.[|...|%%|.....|..|(((|...|.| # # ## |...<.....|### |.|!"*|...|..|.....|..|...|...|.| ### # |..........### |.|...|...||--.....-----|--|---.| ## ### |.........| |.-|----|--.....................| ### # ----------- |....)....*...{......{..........| ## ## |.--|--|---....-|----...........| ### --.--- |.|...|...|---.|[...|.----|----.| -----# |....| |.|((.|...| ..|.a..|.|..|....|.| ##....|# |....| |.|(%(|...| |.|..@?|.-..|....|.| # |...|# |....| |.|.((|...| |.|..@.|.|..|....|.-###### |..*.####.....| |.------------.------.---------.| ----- |....| |...............................| ------ --------------------------------- engelson the Ninja Experience level: 9 Strength: 25 Dexterity: 15 Constitution: 18 Intelligence: 8 Wisdom: 14 Charisma: 9 Health: 0(88) Energy: 40(40) Def: 11 Gold: 55 Moves: 9019 Dungeon seed: bmUF6AZEttQWS_J6 Game ID: engelson_1498037756 Your Inventory: Coins $ - 55 gold pieces Weapons a - a thoroughly rusty corroded +1 katana b - a +0 wakizashi (weapon in hand) c - a +0 yumi (alternate weapon; not wielded) d - 3 +0 ya v - 30 +0 arrows (in quiver) M - a blessed +1 arrow Armor n - an uncursed +0 orcish helm (being worn) q - a blessed +3 cloak of protection (being worn) r - an uncursed +0 studded leather armor (being worn) z - an uncursed rusty +0 pair of gauntlets of power (being worn) N - a blessed +0 pair of speed boots (being worn) Y - a blessed +0 mummy wrapping Comestibles l - an uncursed carrot D - 6 uncursed gunyoki Scrolls H - an uncursed scroll of earth named earth I - 3 uncursed scrolls of identify Potions O - an uncursed potion of object detection R - 2 uncursed potions of sleeping Rings P - an uncursed ring of slow digestion (on left hand) S - an uncursed ring of invisibility Wands C - a wand of slow monster (0:2) Tools h - an uncursed bag of holding k - an uncursed skeleton key u - an uncursed tin whistle A - a +0 unicorn horn B - an uncursed towel K - an uncursed leash Q - an uncursed mirror Gems e - an uncursed worthless piece of blue glass y - an uncursed worthless piece of green glass Contents of the bag of holding: 2042 gold pieces an uncursed scroll of blank paper a cursed scroll of earth an uncursed potion of object detection an uncursed potion of water a wand of slow monster (0:5) an uncursed brass lantern (0:1298) an uncursed brass lantern (0:240) a +0 pick-axe an uncursed tallow candle (0:200) an uncursed tin opener an uncursed fluorite stone an uncursed worthless piece of white glass Spells and supernatural/magical abilities: Name Level Category Fail Memory W - pray for help -- divine ? -- Your skills at the end: Fighting Skills martial arts [Basic] Weapon Skills short sword [Basic] long sword [Expert] bow [Skilled] Spellcasting Skills Final Attributes: You were piously aligned. You were cold resistant. You were poison resistant. You had slower digestion. You were protected. You were very fast. You were lucky. You are dead. Vanquished creatures: 2 giant mimics a bone devil 2 large mimics 4 water demons 2 small mimics a gelatinous cube a gargoyle a carnivorous ape 2 incubi 3 giant beetles a wolf a winter wolf cub 2 giant spiders an ice vortex a gnome king an orc mummy 4 dwarf mummies 2 gold golems a werewolf a dingo 2 jaguars 4 blue jellies a gray unicorn 3 dust vortices 2 human zombies 2 rope golems 2 soldier ants a fire ant 4 water nymphs a mountain nymph a rock piercer a rock mole 2 fog clouds 2 yellow lights a shrieker a violet fungus 7 gnome lords 3 gnomish wizards 3 kobold mummies a red naga hatchling a golden naga hatchling a gray ooze an elf zombie a ghoul 2 paper golems 2 giant ants a little dog a floating eye 5 dwarves a homunculus 2 kobold lords a kobold shaman 36 hill orcs 2 rothes a rabid rat 2 centipedes a giant bat a dwarf zombie 2 wererats a werejackal an iguana 6 killer bees 6 acid blobs 7 coyotes 2 gas spores a hobbit 4 manes 4 large kobolds a hobgoblin 4 green molds 2 red molds 35 gnomes 2 gnome zombies 4 geckos 7 jackals 4 foxes 7 kobolds 6 goblins 2 sewer rats 14 grid bugs 2 bats 4 lichens a kobold zombie 8 newts 277 creatures vanquished. Voluntary challenges: You used a wielded weapon 398 times, starting on turn 12. You read items or engraved 20 times, starting on turn 151. You never genocided any monsters. You never polymorphed an object. You never changed form. You used no wishes. You never split a pudding. You wrote Elbereth's name 4 times, starting on turn 151. You violated your moral code, losing 13 points of alignment, starting on turn 4178. Dungeon overview: The Dungeons of Doom: levels 1 to 7 Level 1 a long staircase Level 2 a scroll shop Level 3 a sink Level 4 an altar to Amaterasu Omikami stairs to The Gnomish Mines Level 5 an altar to Susanowo Level 6 a fountain Level 7 stairs to Sokoban The Gnomish Mines: levels 5 to 9 Level 5 stairs to The Dungeons of Doom Level 6 Level 7 Level 8 <- You were here many shops, a temple to Amaterasu Omikami, some fountains Level 9 Sokoban: levels 3 to 6 Level 3 Level 4 Level 5 Level 6 stairs to The Dungeons of Doom History has recorded: On T:1 you entered the Dungeons of Doom to retrieve the Amulet of Yendor! On T:307 you reached level 2 of The Dungeons of Doom. On T:337 you advanced to experience level 2. On T:484 you reached level 3 of The Dungeons of Doom. On T:769 you advanced to experience level 3. On T:866 you advanced to experience level 4. On T:1039 you reached level 4 of The Dungeons of Doom. On T:1255 you reached level 1 of The Gnomish Mines. On T:1390 you advanced to experience level 5. On T:1569 you reached level 2 of The Gnomish Mines. On T:1655 you advanced to experience level 6. On T:1721 you reached level 3 of The Gnomish Mines. On T:2130 you advanced to experience level 7. On T:2481 you reached level 5 of The Dungeons of Doom. On T:2799 you reached level 6 of The Dungeons of Doom. On T:3106 you advanced to experience level 8. On T:3331 you reached level 7 of The Dungeons of Doom. On T:4672 you reached level 4 of Sokoban. On T:4905 you reached level 3 of Sokoban. On T:5593 you reached level 2 of Sokoban. On T:5923 you reached level 1 of Sokoban. On T:6803 you advanced to experience level 9. On T:7796 you reached level 4 of The Gnomish Mines. On T:8234 you reached level 5 of The Gnomish Mines. Score breakdown: Gold: 2097 (11299 points) Experience: 9 levels (15756 points) Exploration: 9 levels ( 19.57%) (12649 points) Discoveries: 30 items ( 12.20%) (10476 points) Valuables value: (no points given unless you survive) Artifact value: 0 ( 0 points) Variety of kills: 84 monsters ( 22.05%) (14086 points) Turncount: 9019 turns (-2226 points) Survival: died (score multiplied by 80%) Total score: 49632 Latest messages: Your sacrifice is consumed in a flash of light! You sense a conflict between Amaterasu Omikami and Raijin. You feel the power of Amaterasu Omikami increase. The altar glows white. The priest of Raijin gets angry! Your movements are now unencumbered. The priest of Raijin wields a mace! The priest of Raijin kicks! The priest of Raijin casts a spell at you! A bolt of lightning strikes down at you from above! Your wand of cold breaks apart and explodes! Your wand of magic missile breaks apart and explodes! Your ring of regeneration turns to dust and vanishes! You are blinded by the flash! You can see again. The giant ant misses. The priest of Raijin swings his mace. The priest of Raijin hits! You die... Final status: Sayonara engelson the Samurai, killed by a priest of Raijin... You died in The Gnomish Mines on dungeon level 8 with 49632 points, and 2097 pieces of gold, after 9019 moves. You were level 9 with a maximum of 88 hit points when you died.